 Dungeon Crawl Stone Soup version 0.24-a0-7-g1bb0902669 (webtiles) character file.

Game seed: 5945371738864630714

1955 KapersCrawl the Destroyer (level 9, -8/46 HPs)
             Began as a Tengu Conjurer on Jan 31, 2019.
             Was an Initiate of Gozag.
             Mangled by a hog (13 damage)
             ... on level 7 of the Dungeon.
             The game lasted 00:26:36 (8467 turns).

KapersCrawl the Destroyer (Tengu Conjurer)          Turns: 8467, Time: 00:26:36

Health: -8/46      AC:  3    Str:  9    XL:     9   Next: 19%
Magic:  20/20      EV: 20    Int: 18    God:    Gozag
Gold:   372        SH:  0    Dex: 15    Spells: 15/22 levels left

rFire    . . .     SeeInvis .   x - +1 hand axe (vamp)
rCold    . . .     Gourm    .   (no shield)
rNeg     . . .     Faith    .   w - +0 leather armour
rPois    .         Spirit   .   (helmet restricted)
rElec    .         Reflect  .   (no cloak)
rCorr    .         Harm     .   (no gloves)
MR       .....                  (boots unavailable)
Stlth    ++........             (no amulet)
HPRegen  0.15/turn              i - +4 ring of evasion
MPRegen  0.17/turn              (no ring)

@: flying quickly and evasively, quick
A: beak, talons 3, able to fly
a: Stop Flying, Potion Petition, Call Merchant, Bribe Branch, Renounce Religion


You were on level 7 of the Dungeon.
You worshipped Gozag.
Gozag was aware of your devotion.
You were not hungry.

You visited 2 branches of the dungeon, and saw 8 of its levels.

You collected 439 gold pieces.
You paid 67 gold pieces to Gozag.

Inventory:

Hand Weapons
 e - a +0 club
 q - a +0 blowgun
 x - a +1 vampiric hand axe (weapon)
 E - a +0 dagger of venom
 I - a +4 war axe
Missiles
 b - 233 stones (quivered)
 l - a throwing net
 r - 41 poisoned needles
Armour
 a - a +0 robe
 f - a +0 ring mail
 w - a +0 leather armour (worn)
 N - a cursed +0 buckler
Jewellery
 i - a +4 ring of evasion (left hand)
 v - a +6 ring of intelligence
Wands
 K - a wand of acid (11)
Scrolls
 g - 5 scrolls of remove curse
 m - a scroll of fear {unknown}
 n - 2 scrolls of enchant armour {unknown}
 o - a scroll of immolation {unknown}
 p - 2 scrolls of amnesia {unknown}
 s - 2 scrolls of teleportation {unknown}
 t - 3 scrolls of identify {unknown}
 u - 4 scrolls of enchant weapon {unknown}
 y - a scroll of noise {unknown}
 C - a scroll of blinking {unknown}
 D - a scroll of brand weapon {unknown}
 F - a scroll of fog {unknown}
 J - a scroll of magic mapping {unknown}
Potions
 d - a potion of cancellation {unknown}
 h - 2 potions of might {unknown}
 j - a potion of brilliance {unknown}
 k - a potion of flight {unknown}
 z - a potion of resistance {unknown}
 A - a potion of degeneration {unknown}
 B - 2 potions of haste {unknown}
 G - a potion of heal wounds {unknown}
 H - a potion of invisibility {unknown}
 L - 2 potions of curing {unknown}
 M - a potion of mutation {unknown}
Comestibles
 c - 8 rations


   Skills:
 - Level 0.8 Fighting
 * Level 4.2 Axes
 - Level 0.7 Throwing
 - Level 2.0 Armour
 + Level 3.7 Dodging
 - Level 2.0 Stealth
 * Level 1.1 Shields
 + Level 7.0 Spellcasting
 + Level 10.3 Conjurations


You had 15 spell levels left.
You knew the following spells:

 Your Spells              Type           Power        Failure   Level  Hunger
a - Magic Dart            Conj           ####         1%          1    None
b - Searing Ray           Conj           #####.       1%          2    None
c - Iskenderun's Mystic   Conj           #####...     1%          4    ####...

Your spell library contained the following spells:

 Spells                   Type           Power        Failure   Level  Hunger
 Dazzling Spray           Conj/Hex       ###...       5%          3    ##.....
 Force Lance              Conj/Tloc      ###.....     17%         4    ####...
 Fulminant Prism          Conj/Hex       ###.......   17%         4    ####...


Dungeon Overview and Level Annotations

Branches:
Dungeon (7/15)             Temple (1/1) D:6

Altars:
Ashenzari
Cheibriados
Dithmenos
Elyvilon
Fedhas
Gozag
Hepliaklqana
Kikubaaqudgha
Makhleb
Nemelex Xobeh
Okawaru
Qazlal
Ru
Sif Muna
Trog
Uskayaw
Vehumet
Wu Jian
Xom
Yredelemnul
Zin
The Shining One

Annotations:
D:2 exclusion: downstairs
D:3 Grinder


Innate Abilities, Weirdness & Mutations

You have a beak for a mouth.
You have claws for feet.
You can fly continuously.


Message History

The hog completely misses you.
You hit the hog.
The hog is moderately wounded.
The hog bites you.
You completely miss the hog.
The hog is moderately wounded.
The hog bites you! x2
* * * LOW HITPOINT WARNING * * *
Unknown command.
The hog becomes distracted by the nearby gold, dreaming of imaginary riches.
The hog barely misses you. The hog misses you. The hog completely misses you.
The hog closely misses you. The hog completely misses you. The hog bites you!
* * * LOW HITPOINT WARNING * * *
The hog bites you!
You die...
Your body crumbles into a pile of gold.

### ##### #.# ##...## #.#
##....8#######.#
##....@h......Y.#
#..8.<...######.# ##...........#
#.### #..#....8....# #...#
########............###...#####
.......'......+.....+..>.......
#########.....##.....#..Y.######
..............##.....#....#
.############.###+####....######


You could see a hog.

Vanquished Creatures
  Sigmund (D:3)
  A hog (D:7)
  A human (D:7)
  Edmund (D:4)
  2 bullfrogs
  A wyvern zombie (D:7)
  2 scorpions
  5 wights (D:6)
  A quasit (D:6)
  2 orc priests
  5 hounds
  A bullfrog skeleton (D:6)
  A centaur skeleton (D:4)
  2 iguanas
  7 orc wizards
  A worker ant (D:4)
  A killer bee zombie (D:7)
  A hound zombie (D:5)
  2 worker ant zombies
  7 gnolls
  10 adders
  3 oozes
  3 worms (D:2)
  2 dart slugs
  5 leopard geckos
  18 orcs
  11 giant cockroaches
  2 goblins
  9 hobgoblins
  7 jackals
  8 kobolds
  5 quokkas
  2 ball pythons
  5 bats
  7 frilled lizards
  13 rats
155 creatures vanquished.

Notes
Turn   | Place    | Note
-------+----------+-------------------------------------------
     0 | D:1      | KapersCrawl the Tengu Conjurer began the quest for the Orb.
     0 | D:1      | Reached XP level 1. HP: 10/10 MP: 4/4
   191 | D:1      | Found a shimmering altar of Xom.
   196 | D:1      | Reached XP level 2. HP: 15/15 MP: 1/6
   434 | D:1      | Reached skill level 6 in Conjurations
   716 | D:1      | Reached XP level 3. HP: 19/19 MP: 3/7
   721 | D:1      | Learned a level 2 spell: Searing Ray
  1154 | D:2      | Found a deep blue altar of Sif Muna.
  1390 | D:2      | Reached XP level 4. HP: 19/24 MP: 0/8
  1636 | D:2      | Found a shadowy altar of Dithmenos.
  2582 | D:2      | Reached skill level 7 in Conjurations
  2982 | D:3      | Found a faded altar of an unknown god.
  3015 | D:3      | Gained mutation: You can fly continuously. [Tengu growth]
  3015 | D:3      | Reached XP level 5. HP: 28/28 MP: 6/10
  3487 | D:3      | Noticed Sigmund
  3512 | D:3      | Killed Sigmund
  3512 | D:3      | Reached XP level 6. HP: 24/33 MP: 7/13
  3666 | D:3      | Noticed Grinder
  3811 | D:4      | Learned a level 4 spell: Iskenderun's Mystic Blast
  3875 | D:4      | Reached skill level 8 in Conjurations
  4024 | D:4      | Reached XP level 7. HP: 37/37 MP: 12/15
  4144 | D:4      | Noticed Edmund
  4166 | D:4      | Killed Edmund
  4166 | D:4      | Reached skill level 1 in Axes
  4166 | D:4      | Reached skill level 5 in Spellcasting
  4575 | D:4      | Reached skill level 1 in Armour
  4776 | D:4      | Found an ancient bone altar of Kikubaaqudgha.
  4898 | D:5      | Entered Level 5 of the Dungeon
  4930 | D:5      | Found a stormy altar of Qazlal.
  5019 | D:5      | Found a bloodstained altar of Trog.
  5559 | D:5      | Found a bloodstained altar of Trog.
  5657 | D:5      | Found a glowing golden altar of the Shining One.
  5759 | D:5      | Reached XP level 8. HP: 31/42 MP: 10/17
  6142 | D:6      | Found a staircase to the Ecumenical Temple.
  6153 | Temple   | Entered the Ecumenical Temple
  6397 | Temple   | Became a worshipper of Gozag Ym Sagoz the Greedy
  6565 | D:6      | Reached skill level 9 in Conjurations
  6951 | D:6      | Found an ornate altar of the Wu Jian Council.
  7888 | D:7      | Reached skill level 10 in Conjurations
  8224 | D:7      | Reached XP level 9. HP: 46/46 MP: 16/20
  8226 | D:7      | Found a hide-covered altar of Uskayaw.
  8415 | D:7      | Reached skill level 1 in Shields
  8467 | D:7      | Mangled by a hog

Vault maps used:
D:1:      dpeg_arrival_water_temple_mockup, xom_teletrap_fun
D:2:      nicolae_overflow_hidden_temple, lemuel_crystal_altar, first_ration,
          minmay_misc_feat_rows
D:3:      chequers_ecumenical_altar_twisty, minmay_vboxes, uniq_sigmund,
          uniq_grinder
D:4:      kennysheep_mini, uniq_edmund
D:5:      tso_altar, old_standard_altar, grunt_qazlal_sundering,
          trog_butcher_becter
D:6:      nicolae_overflow_crystal_walls, minmay_temple_entry_glass,
          minmay_misc_feat_columns, hangedman_abyss_or_decor_jellyfish_corner
D:7:      minmay_recursive_quarters, eat_drink_and_be_merry_uskayaw,
          grunt_livestock, grunt_ministairs_1, minmay_misc_feat_four_crosses
Temple:   minmay_temple_curvy_branch

Skill      XL: |  1  2  3  4  5  6  7  8  9 |
---------------+----------------------------+-----
Conjurations   | 6 7 8 10 | 10.3
Spellcasting   | 3 4 5 6 7 |  7.0
Axes           | 2 3 4 |  4.2
Armour         | 2 |  2.0
Dodging        | 3 |  3.7
Shields        | 1 |  1.1
Fighting       | |  0.8
Throwing       | |  0.7
Stealth        | |  2.0

Action                   |  1- 3 |  4- 6 |  7- 9 || total
-------------------------+-------+-------+-------++-------
Melee: Club              |     4 |       |       ||     4
       Peck              |     1 |       |     6 ||     7
       Hand axe          |       |       |    57 ||    57
       Kick              |       |       |    21 ||    21
 Fire: Blowgun           |       |     5 |       ||     5
 Cast: Magic Dart        |    61 |   109 |   199 ||   369
       Searing Ray       |     2 |     8 |    12 ||    22
       Iskenderun's Myst |       |     1 |     4 ||     5
 Abil: Fly               |       |       |     1 ||     1
  Use: Potion            |     1 |       |     1 ||     2
       Scroll            |     1 |       |       ||     1
 Stab: Sleeping          |       |       |     1 ||     1
  Eat: Chunk             |     2 |     9 |     5 ||    16
       Ration            |       |       |     4 ||     4
Armor: Robe              |     1 |     2 |       ||     3
       Ring mail         |       |     6 |       ||     6
       Leather armour    |       |       |    15 ||    15
Dodge: Dodged            |    15 |    20 |   116 ||   151

Table legend:
 A = Non-vault XP
 B = Vault XP
 C = Vault XP percentage of total XP
 D = Non-vault monster count
 E = Vault monster count
 F = Vault count percentage of total count
                 A         B        C        D         E       F
            +---------+---------+-------+---------+---------+-------
      Total |    1883 |     911 |  32.6 |     138 |      17 |  11.0
            +---------+---------+-------+---------+---------+-------
        D:1 |      49 |       0 |   0.0 |      21 |       0 |   0.0
        D:2 |     111 |       0 |   0.0 |      32 |       0 |   0.0
        D:3 |      56 |     259 |  82.2 |      14 |       9 |  39.1
        D:4 |     369 |     162 |  30.5 |      23 |       1 |   4.2
        D:5 |     218 |       9 |   4.0 |      15 |       4 |  21.1
        D:6 |     901 |       0 |   0.0 |      27 |       0 |   0.0
        D:7 |     179 |     481 |  72.9 |       6 |       3 |  33.3
            +---------+---------+-------+---------+---------+-------
